 Dungeon Sprint DCSS version 0.23-a0-422-g30b1108 (webtiles) character file.

123 Azzok the Digger (level 4, -1/36 HPs)
             Began as a Deep Dwarf Earth Elementalist on Nov 14, 2018.
             Was a Follower of Makhleb.
             Slain by a tarantella (9 damage)
             ... in the Dungeon (Sprint V: "Ziggurat Sprint").
             The game lasted 00:02:35 (256 turns).

Azzok the Digger (Deep Dwarf Earth Elementalist)     Turns: 256, Time: 00:02:36

Health: -1/36      AC:  2    Str: 11    XL:     4   Next: 80%
Magic:  7/10       EV: 15    Int: 17    God:    Makhleb [*.....]
Gold:   0          SH:  0    Dex: 13    Spells: 7/11 levels left

rFire    . . .     SeeInvis .   E - staff of energy
rCold    . . .     Gourm    .   (no shield)
rNeg     . . .     Faith    .   c - +0 robe
rPois    .         Spirit   .   (no helmet)
rElec    .         Reflect  .   (no cloak)
rCorr    .         Harm     .   (no gloves)
MR       .....     NoTele   +   (no boots)
Stlth    +++.......             (no amulet)
HPRegen  0.00/turn              (no ring)
MPRegen  0.12/turn              (no ring)

@: non-regenerating
A: damage resistance, heal wounds, sense surroundings 1, no regeneration
a: Heal Wounds, Renounce Religion


You were in the Dungeon.
You worshipped Makhleb.
Makhleb was aware of your devotion.
You were not hungry.

You visited 1 branch

Inventory:

Hand Weapons
 H - the +8 lance "Wyrmbane" {slay drac, rPois rF+ rC+ AC+3}
   (You found it in the Dungeon)

   It affects your AC (+3).
   It protects you from fire.
   It protects you from cold.
   It protects you from poison.
 I - the +6 shillelagh "Devastator" {shatter}
   (You found it in the Dungeon)
 M - the +6 Majin-Bo {vamp, Archmagi MP+6 Int+6}
   (You found it in the Dungeon)

   It inflicts no extra harm, but heals its wielder when it wounds a living foe.
   It affects your intelligence (+6).
   It affects your magic capacity (+6).
Missiles
 b - 17 stones (quivered)
Armour
 c - a +0 robe (worn)
 G - the +18 shield of the Gong {rElec rN+ MR+ EV-5}
   (You found it in the Dungeon)

   It affects your evasion (-5).
   It insulates you from electricity.
   It protects you from negative energy.
   It affects your resistance to hostile enchantments.
 J - a +3 buckler
 K - a +3 large shield
 L - a +3 shield
Magical Staves
 E - an uncursed staff of energy (weapon)
Jewellery
 v - a +6 ring of dexterity
 w - a +6 ring of dexterity
 x - a +6 ring of intelligence
 y - a +6 ring of intelligence
 z - a +6 ring of strength
 A - a +6 ring of strength
Wands
 B - a wand of disintegration (7)
 C - a wand of iceblast (7)
 D - a wand of acid (7)
Scrolls
 j - 4 scrolls of blinking
 p - 4 scrolls of amnesia
 q - 7 scrolls of fog
 r - a scroll of holy word
 s - 5 scrolls of identify
 t - 5 scrolls of remove curse
 u - 2 scrolls of fear
Potions
 a - 2 potions of brilliance
 e - 7 potions of curing
 f - 10 potions of heal wounds
 g - 6 potions of haste
 h - 7 potions of magic
 i - 3 potions of berserk rage
 k - 2 potions of invisibility
 l - 4 potions of resistance
 m - a potion of experience
 n - 5 potions of agility
 o - 5 potions of might
Miscellaneous
 F - a lightning rod (4/4)
Comestibles
 d - 7 rations
 N - 4 chunks of flesh


   Skills:
 - Level 5.6 Dodging
 - Level 6.6 Stealth
 + Level 4.3 Spellcasting
 + Level 0.0 Conjurations
   Level 0.8 Transmutations
 + Level 7.4 Earth Magic


You had 7 spell levels left.
You knew the following spells:

 Your Spells              Type           Power        Failure   Level  Hunger
a - Sandblast             Erth           ####..       1%          1    None
b - Stone Arrow           Conj/Erth      ###...       10%         3    None

Your spell library contained the following spells:

 Spells                   Type           Power        Failure   Level  Hunger
 Passwall                 Tmut/Erth      ###.....     4%          2    None
 Infusion                 Chrm           #...         16%         1    None
 Lee's Rapid Deconstruct  Erth           ####......   21%         5    None
 Shroud of Golubria       Chrm/Tloc      #.........   24%         2    None
 Petrify                  Tmut/Erth      ###.....     28%         4    None
 Bolt of Magma            Conj/Fire/Erth ##........   83%         5    None
 Iron Shot                Conj/Erth      ###.......   99%         6    None


Dungeon Overview and Level Annotations

Branches:
Dungeon (1/1)

Altars:
Ashenzari
Cheibriados
Dithmenos
Elyvilon
Fedhas
Gozag
Hepliaklqana
Kikubaaqudgha
Makhleb
Nemelex Xobeh
Okawaru
Qazlal
Ru
Sif Muna
Trog
Uskayaw
Vehumet
Wu Jian
Xom
Yredelemnul
Zin
The Shining One
Beogh
Jiyva
Lugonu

Annotations:
D 1 transporter


Innate Abilities, Weirdness & Mutations

You are resistant to damage.
You can heal yourself by infusing magical energy.
You passively map a small area around you.
You do not regenerate.


Message History

You feel better.
The jumping spider leaps!
The tarantella completely misses you. The tarantella bites you!!
Ouch! That really hurt!
You are confused.
The tarantella barely misses you.
You're too confused to cast spells.
You're too confused to cast spells.
You feel better. The tarantella bites you! x2
* * * LOW HITPOINT WARNING * * *
The scorpion closely misses you.
Casting: Sandblast (safe; 1% risk of failure)
Confirm with . or Enter, or press ? or * to list all spells.
Aiming: Sandblast (safe; 1% risk of failure)
Press: ? - help, Shift-Dir - straight line, f/p - tarantella
Aim: a tarantella (moderately wounded)
The blast of sand hits the tarantella.
The tarantella is heavily wounded.
b - 17 stones The tarantella misses you.
The jumping spider leaps!
The tarantella bites you!
You die...

░
▓▓▓▓▓▓▓▓▓▓▓▓▓▓▓▓▓▓▓
▓·8©8s▓·8©8·▓·8©8·▓
◦ ◦ ◦
▓·)[)·▓··})·▓·····▓
◦ ◦
▓··)··▓·····▓·)·)·▓
◦
▓·§§··▓·····▓·····▓
◦
▓·s·s·▓·))··▓·····▓
◦
▓··@s·▓·····▓··©··▓
◦
▓··©··▓··©··▓▓▓▓▓▓▓
◦ ▓▓▓▓▓▓▓▓▓▓▓▓▓░ ◦
8 8◦◦ ◦ © ◦ ░ ◦ ░ ◦
◦ ◦ ◦ ◦ ◦ ◦ ░ ░ ◦ ◦
◦ ◦◦ ░ ◦ ░ ◦◦ ◦ ░ ░
░


You could see a jumping spider, 2 tarantellas and a scorpion.

Vanquished Creatures
  A quasit (D)
  An orc priest (D)
  2 orc wizards (D)
  A shadow imp (D)
5 creatures vanquished.

Notes
Turn   | Place    | Note
-------+----------+-------------------------------------------
     0 | D        | Found the +6 Majin-Bo {vamp, Archmagi MP+6 Int+6}
     0 | D        | Found the +7 great mace "Firestarter" {inner flame, rF++}
     0 | D        | Azzok the Deep Dwarf Earth Elementalist began the quest for
                  | the Orb.
     0 | D        | Reached XP level 1. HP: 15/15 MP: 3/3
     0 | D        | Found a deep blue altar of Sif Muna.
     0 | D        | Found a bloodstained altar of Trog.
     0 | D        | Found a sacrificial altar of Ru.
     0 | D        | Found a stormy altar of Qazlal.
     0 | D        | Found an iron altar of Okawaru.
     1 | D        | Found a sparkling altar of Nemelex Xobeh.
     1 | D        | Found a blossoming altar of Fedhas.
     3 | D        | Found a transporter.
     3 | D        | Found an ancient bone altar of Kikubaaqudgha.
     3 | D        | Found a viscous altar of Jiyva.
     3 | D        | Found a corrupted altar of Lugonu.
     3 | D        | Found a hazy altar of Hepliaklqana.
     3 | D        | Found a burning altar of Makhleb.
     3 | D        | Found an opulent altar of Gozag.
    26 | D        | Found the +9 heavy crossbow "Sniper" {velocity, Acc+∞ SInv}
    26 | D        | Found the +10 dark maul {crush}
    26 | D        | Found the +15 Maxwell's patent armour {-Cast -Tele rElec
                  | MR+ rCorr}
    26 | D        | Found the +18 shield of the Gong {rElec rN+ MR+ EV-5}
    26 | D        | Found the cursed +14 obsidian axe {chop, +Fly SInv *Curse}
    28 | D        | Found the +6 shillelagh "Devastator" {shatter}
    28 | D        | Found the +11 plutonium sword {*Contam Stlth-}
    28 | D        | Found the +8 lance "Wyrmbane" {slay drac, rPois rF+ rC+
                  | AC+3}
    28 | D        | Found the +9 sword of Zonguldrok {reap}
    28 | D        | Found the cursed +13 scythe of Curses {drain, *Curse}
    28 | D        | Found the +0 sword of Power
    28 | D        | Found the +7 mace of Variability {chain chaos}
    28 | D        | Found the +7 Singing Sword {slice, sonic wave}
    28 | D        | Found the +7 longbow "Piercer" {penet, EV-2}
    63 | D        | Became a worshipper of Makhleb the Destroyer
    71 | D        | Entered arena 2.
    71 | D        | Noticed a quasit
    71 | D        | Found a transporter.
    78 | D        | Killed a quasit
    78 | D        | Reached skill level 5 in Earth Magic
    78 | D        | Reached XP level 2. HP: 22/22 MP: 0/6
    78 | D        | Reached XP level 3. HP: 28/28 MP: 0/7
    81 | D        | Reached * piety under Makhleb
   149 | D        | Learned a level 3 spell: Stone Arrow
   155 | D        | Entered arena 3.
   155 | D        | Found a transporter.
   159 | D        | Reached skill level 5 in Stealth
   159 | D        | Reached skill level 6 in Earth Magic
   159 | D        | Reached XP level 4. HP: 36/36 MP: 4/9
   161 | D        | Reached skill level 5 in Dodging
   161 | D        | Reached skill level 7 in Earth Magic
   246 | D        | Got the Disquisition on the Assistive Mountains
   249 | D        | Entered arena 4.
   249 | D        | Noticed a tarantella
   249 | D        | Noticed a jumping spider
   249 | D        | Noticed a tarantella
   249 | D        | Found a transporter.
   256 | D        | Slain by a tarantella

Vault maps used:
D:        sprint_v

Skill      XL: |  1  2  3  4 |
---------------+-------------+-----
Dodging        | 3 4 5 |  5.6
Stealth        | 4 5 6 |  6.6
Spellcasting   | 3 4 |  4.3
Earth Magic    | 5 6 7 |  7.4
Transmutations | |  0.8

Action                   |  1- 3 |  4- 6 || total
-------------------------+-------+-------++-------
Melee: Staff             |     2 |       ||     2
       Lance             |     4 |       ||     4
 Cast: Sandblast         |     5 |     8 ||    13
  Use: Potion            |       |     3 ||     3
Armor: Robe              |     5 |       ||     5
Dodge: Dodged            |    16 |     8 ||    24

Table legend:
 A = Non-vault XP
 B = Vault XP
 C = Vault XP percentage of total XP
 D = Non-vault monster count
 E = Vault monster count
 F = Vault count percentage of total count
                 A         B        C        D         E       F
            +---------+---------+-------+---------+---------+-------
      Total |       0 |     177 | 100.0 |       0 |       5 | 100.0
            +---------+---------+-------+---------+---------+-------
          D |       0 |     177 | 100.0 |       0 |       5 | 100.0
            +---------+---------+-------+---------+---------+-------
